 Dungeon Crawl Stone Soup version 0.18-a0-1160-geb89fc2 (webtiles) character file.

206 M4edhros the Sneak (level 5, -4/33 HPs)
             Began as an Octopode Artificer on Jan 24, 2016.
             Slain by Menkaure (22 damage)
             ... on level 4 of the Dungeon.
             The game lasted 00:03:19 (1171 turns).

M4edhros the Sneak (Octopode Artificer)             Turns: 1171, Time: 00:03:19

Health: -4/33      AC:  1    Str: 10    XL:     5   Next: 84%
Magic:  8/8        EV: 12    Int: 16    God:
Gold:   65         SH:  3    Dex: 12    Spells: 0 memorised, 4 levels left

rFire  . . .     SeeInvis .     l - +2 dagger (elec)
rCold  . . .     Gourm    .     h - +0 buckler
rNeg   . . .     Faith    .     (helmet restricted)
rPois  .         Spirit   .     (no amulet)
rElec  .         Dismiss  .     (no ring)
rCorr  .         Reflect  .     (no ring)
SustAt .         Harm     .     (no ring)
MR     .....                    (no ring)
Stlth  ++++......               (no ring)
                                (no ring)
                                (no ring)
                                (no ring)

@: marked, not resistant to hostile enchantments, stealthy
A: almost no armour, amphibious, 8 rings, constrict 8, camouflage 1, gelatinous
body 1
a: no special abilities


You were on level 4 of the Dungeon.
You were hungry.

You visited 1 branch of the dungeon, and saw 5 of its levels.
You also visited: Sewer.

You collected 65 gold pieces.

Inventory:

Hand Weapons
 a - a +0 short sword
 l - a +2 dagger of electrocution (weapon)
Armour
 h - a +0 buckler (worn)
Wands
 b - a wand of flame (14/48)
 c - a wand of enslavement (14/24)
 d - a wand of random effects (15/48)
 n - a wand of disintegration (11/24)
Scrolls
 e - a scroll of remove curse {unknown}
 g - a scroll of noise {unknown}
 j - a scroll of fear {unknown}
 k - 3 scrolls of enchant armour {unknown}
 m - a scroll of fog {unknown}
 q - 2 scrolls of recharging {unknown}
Potions
 o - 2 potions of agility {unknown}
 r - a potion of invisibility {unknown}
Comestibles
 f - a bread ration
 i - a beef jerky
 p - a royal jelly


   Skills:
 - Level 1.0 Fighting
 - Level 1.0 Short Blades
 * Level 4.0 Dodging
 * Level 5.1 Stealth
 + Level 4.2 Evocations


You had 4 spell levels left.
You didn't know any spells.

Dungeon Overview and Level Annotations

Branches:
Dungeon (5/15)
 Temple: D:4-7

Altars:

Annotations:
D:4 Menkaure


Innate Abilities, Weirdness & Mutations

You cannot wear most types of armour.
You are amphibious.
You can wear up to eight rings at the same time.
You can use your tentacles to constrict eight enemies at once.
Your skin changes colour to match your surroundings (Stealth).
Your rubbery body absorbs attacks (AC +1).


Message History

Found a bubbling ruby potion and 11 gold pieces.
There is a stone staircase leading down here.
There are monsters nearby!
There are monsters nearby!
Menkaure, Prince of Dust comes into view.
The helpless giant newt fails to defend itself.
You impale the giant newt!!
You kill the giant newt!
Menkaure shouts!
You hear a bark!
You hit Menkaure. You grab Menkaure.
Menkaure is lightly damaged.
You constrict Menkaure.
Menkaure calls on the powers of darkness!
Your body is wracked with pain!
The hound convulses!
A hound comes into view.
You hit Menkaure.
Menkaure is moderately damaged.
You constrict Menkaure. Menkaure hits you!!
Ouch! That really hurt!
You die...

#.#.# #.#.# #.#.#
#.#.#
###.#.#######
#.###.!..>.....$S
#.........##.....
#..##.#.### ###
#.#@# #..M# ##.h.
#.### #. .. #. #.


You could see Menkaure and a hound.

Vanquished Creatures
  Purgy (Sewer)
  An orc wizard (D:5)
  A hound skeleton (D:5)
  An adder (D:4)
  3 giant geckos
  3 orcs (D:5)
  A ball python (D:3)
  4 bats
  6 giant cockroaches
  A hobgoblin (D:2)
  4 kobolds
  A quokka (D:3)
  2 giant newts
  2 rats (D:1)
31 creatures vanquished.

Vanquished Creatures (collateral kills)
  A scorpion (D:5)
1 creature vanquished.

Grand Total: 32 creatures vanquished

Notes
Turn   | Place    | Note
--------------------------------------------------------------
     0 | D:1      | M4edhros the Octopode Artificer began the quest for the Orb.
     0 | D:1      | Reached XP level 1. HP: 13/13 MP: 3/3
   220 | D:2      | Reached XP level 2. HP: 16/18 MP: 4/4
   439 | D:5      | Entered Level 5 of the Dungeon
   484 | D:5      | Reached XP level 3. HP: 11/23 MP: 5/5
   500 | D:5      | Reached XP level 4. HP: 14/28 MP: 6/6
   725 | D:5      | Reached skill level 4 in Stealth
   726 | D:5      | Found a glowing drain.
   794 | Sewer    | Entered a sewer
   925 | Sewer    | Noticed Purgy
   934 | Sewer    | Killed Purgy
   934 | Sewer    | Reached skill level 5 in Stealth
   934 | Sewer    | Reached XP level 5. HP: 14/33 MP: 6/8
  1163 | D:5      | Noticed a sky beast
  1164 | D:4      | Noticed Menkaure
  1171 | D:4      | Slain by Menkaure

Vault maps used:
D:1:      nicolae_arrival_memento_mori
D:3:      first_bread
D:4:      uniq_crazy_yiuf_cottage, uniq_menkaure
D:5:      lemuel_castle_with_subvaults, gup_sewer_entry_pipe
Sewer:    kennysheep_door_sewer

Action                   |  1- 3 |  4- 6 || total
-------------------------+-------+-------++-------
Melee: Short sword       |    34 |     3 ||    37
       Dagger            |       |    22 ||    22
Evoke: Wand              |       |     2 ||     2
 Stab: Sleeping          |     7 |    10 ||    17
